 Dungeon Crawl Stone Soup version 0.30-a0-170-g85af917532 (webtiles) character file.

Game seed: 3708060192993386943

17033 scionoferis the Slicer (level 12, -9/73 HPs)
             Began as a Kobold Hunter on Sept 30, 2022.
             Was a Follower of Uskayaw.
             Mangled by Snorg (21 damage)
             ... on level 10 of the Dungeon.
             The game lasted 00:45:06 (14505 turns).

scionoferis the Slicer (Kobold Hunter)             Turns: 14505, Time: 00:45:07

Health: -9/73      AC: 16    Str: 10    XL:     12   Next: 77%
Magic:  16/18      EV: 22    Int: 10    God:    Uskayaw [*.....]
Gold:   661        SH:  0    Dex: 34    Spells: 11/11 levels left

rFire   . . .      SeeInvis +    H - +1 dagger (holy)
rCold   + + +      Faith    .    (no shield)
rNeg    . . .      Spirit   .    j - +5 ring mail of the Kraken {Dex+3}
rPois   +          Reflect  .    G - +2 hat
rElec   .          Harm     .    t - +0 cloak
rCorr   .          Rampage  .    E - +0 pair of gloves
Will    +....                    g - +0 pair of boots
Stlth   ++++++....               u - amulet of the acrobat
HPRegen 0.22/turn                Z - ring of Xenima {Dex+5 SInv}
MPRegen 0.16/turn                i - ring "Bowowyv" {Contam rPois rC+++ Will+ Dex+4}

@: slowed, very slow
A: small, no large weapons, nightstalker 3
a: Renounce Religion, Stomp


You were on level 10 of the Dungeon.
You worshipped Uskayaw.
Uskayaw was aware of your devotion.
You visited 2 branches of the dungeon, and saw 11 of its levels.
You also visited: Sewer.

You collected 661 gold pieces.

Inventory:

Hand Weapons
 a - a +2 shortbow of flaming
 b - a +0 rapier
 H - a +1 dagger of holy wrath (weapon)
 N - a +2 scimitar of flaming
 W - the +7 long sword of the Blushing Ancients {drain, rElec rPois rF- Int+3}
   (You took it off a wight on level 9 of the Dungeon)

   A truly terrible weapon, it drains the life of any living foe it strikes.
   Int:       It affects your intelligence (+3).
   rF:        It makes you vulnerable to fire.
   rElec:     It insulates you from electricity.
   rPois:     It protects you from poison.
Missiles
 R - 6 poisoned darts (quivered)
Armour
 g - a +0 pair of boots (worn)
 j - the +5 ring mail of the Kraken (worn) {Dex+3}
   (You found it on level 8 of the Dungeon)

   Dex:       It affects your dexterity (+3).
 t - a +0 cloak (worn)
 E - a +0 pair of gloves (worn)
 G - a +2 hat (worn)
Jewellery
 c - a +6 ring of strength
 i - the ring "Bowowyv" (right hand) {Contam rPois rC+++ Will+ Dex+4}
   (You took it off an efreet on level 10 of the Dungeon)

   [ring of willpower]

   Dex:       It affects your dexterity (+4).
   rC:        It renders you almost immune to cold.
   rPois:     It protects you from poison.
   Contam:    It causes magical contamination when unequipped.
   Will:      It increases your willpower.
 u - an amulet of the acrobat (around neck)
 F - a +4 ring of evasion
 O - the ring "Elleis" {Drain rC++ Will+ Int+6}
   (You took it off a centaur warrior on level 10 of the Dungeon)

   [ring of willpower]

   Int:       It affects your intelligence (+6).
   rC:        It greatly protects you from cold.
   Drain:     It drains your maximum health when unequipped.
   Will:      It increases your willpower.
 S - the ring of Esusevet {Ice rN+ Str+4 Int+4 Dex+4}
   (You took it off a deep elf pyromancer on level 10 of the Dungeon)

   [ring of ice]

   It enhances your ice magic.
   Str:       It affects your strength (+4).
   Int:       It affects your intelligence (+4).
   Dex:       It affects your dexterity (+4).
   rF:        It makes you vulnerable to fire.
   rC:        It protects you from cold.
   rN:        It protects you from negative energy.
 Z - the ring of Xenima (left hand) {Dex+5 SInv}
   (You took it off an orc knight on level 10 of the Dungeon)

   [ring of see invisible]

   Dex:       It affects your dexterity (+5).
   SInv:      It lets you see invisible.
Wands
 f - a wand of roots (8)
 x - a wand of mindburst (4)
 D - a wand of quicksilver (7)
 P - a wand of polymorph (4)
 Q - a wand of charming (7)
 X - a wand of flame (2)
Scrolls
 h - a scroll of vulnerability
 k - 5 scrolls of teleportation
 m - 2 scrolls of enchant armour
 p - 3 scrolls of amnesia
 r - 3 scrolls of enchant weapon
 s - 5 scrolls of poison
 w - a scroll of brand weapon
 A - 2 scrolls of torment
 B - 3 scrolls of noise
 I - 2 scrolls of acquirement {unknown}
 J - 3 scrolls of magic mapping {unknown}
 L - a scroll of summoning {unknown}
 T - a scroll of immolation
 V - 3 scrolls of blinking {unknown}
 Y - 2 scrolls of silence {unknown}
Potions
 d - a potion of heal wounds {unknown}
 e - 2 potions of might {unknown}
 l - a potion of cancellation {unknown}
 n - 2 potions of brilliance {unknown}
 o - 6 potions of flight
 q - 2 potions of magic {unknown}
 v - 2 potions of haste
 z - a potion of lignification {unknown}
 C - 2 potions of ambrosia {unknown}
 K - 4 potions of curing {unknown}
 M - a potion of attraction {unknown}
 U - 2 potions of mutation {unknown}


   Skills:
 + Level 7.8 Fighting
 * Level 12.2 Short Blades
 + Level 10.3 Ranged Weapons
 * Level 5.3 Armour
 + Level 8.5 Dodging
 + Level 9.6 Stealth
 * Level 8.9 Invocations
 - Level 6.0 Evocations


You had 11 spell levels left.
You didn't know any spells.
Your spell library contained the following spells:

 Spells                   Type           Power      Damage    Failure   Level
 Kindle Blastsparks       Fire/Tloc/Air  0%         2d10      95%         3
 Fulminant Prism          Conj/Hex       0%         3d6       100%        4
 Iskenderun's Mystic Bla  Conj/Tloc      0%         2d3       100%        4
 Olgreb's Toxic Radiance  Pois           0%         N/A       100%        4
 Lee's Rapid Deconstruct  Erth           0%         3d5*      100%        5
 Ozocubu's Refrigeration  Ice            0%         4d7       100%        7
 Ignition                 Fire           0%         3d3       100%        8


Dungeon Overview and Level Annotations

Branches:
Dungeon (10/15)            Temple (1/1) D:4             Orc (0/2) D:10
  Sewer (visited)
   Lair: D:8-11

Altars:
Ashenzari
Cheibriados
Dithmenos
Elyvilon
Fedhas
Gozag
Hepliaklqana
Kikubaaqudgha
Makhleb
Nemelex Xobeh
Okawaru
Qazlal
Ru
Sif Muna
Trog
Uskayaw
Vehumet
Wu Jian
Xom
Yredelemnul
Zin
The Shining One

Annotations:
D:10 Snorg


Innate Abilities, Weirdness & Mutations

You are small and have problems with some larger weapons.
You are completely attuned to the shadows.


Message History

The freezing wraith is severely damaged.
The freezing wraith hits you! The freezing wraith freezes you. You resist.
* * * LOW HITPOINT WARNING * * *
The freezing wraith barely misses you.
You can now pass through a line of other dancers.
Aiming: Line Pass
Press: ? - help, Dir - move target The freezing wraith appears confused.
You can no longer pass through a line of other dancers.
The freezing wraith completely misses you.
The freezing wraith closely misses you.
The freezing wraith seems less confused.
The freezing wraith completely misses you. x2
You hit the freezing wraith.
The freezing wraith convulses.
The freezing wraith is almost destroyed.
The freezing wraith misses you. The freezing wraith hits you!
* * * LOW HITPOINT WARNING * * *
The freezing wraith drains your vigour!
You feel as though you will be slow longer.
Press: ? - help, v - describe, . - travel
Here: a freezing wraith (almost destroyed)
The floor, spattered with blood.
Aiming: Mindburst
Press: ? - help, Shift-Dir - straight line, f - freezing wraith
Aim: a freezing wraith (almost destroyed, chance to affect: 71%)
The freezing wraith's mind is blasted!!
You blow up the freezing wraith!
You hear a shout!
Snorg draws her long claws delicately across her gut.
Snorg goes berserk!
Snorg rages.
Press: ? - help, v - describe, . - travel
Here: Snorg (berserk)
The floor.
Okay, then.
Unknown command.
Unknown command.
As you read the scroll of butterflies, it crumbles to dust.
You hear the tinkle of a tiny bell.
Snorg bites you!!
You die...

#....# #....# ###..# #....#
#>#[.###### #..#
#....######.#.......#
###...
##.###........).....#
###..... #.#
#.############.## #...##..
#.###.#T.#..b#..b#..#
##.#####.
#.##..###.###b##b##.## #..#
### #.....##.#.#.#Tbbb#..#
#.#####..
###....##.###.#@####.###.#
#...#
##.#.###.#.#bbb###.....#
#.###
#.#..#.###bb#bb###.^#####.#
#....##.bbbb##bb##........#
#.....##b#bb.##b.##.....[##
#.....##..##..##..#.).....#
#......#...##.)##.##......#
##.....##..........#......#
#......#########..##.....#


You could see Snorg (berserk, ally target).

Vanquished Creatures
  Gastronok (D:8)
  Erica (D:8)
  5 two-headed ogres
  A centaur warrior (D:10)
  Amaemon (D:10)
  Pikel (D:9)
  A deep elf pyromancer (D:10)
  The ghost of Hubris850 the Cleaver, a novice HOMo of Nemelex Xobeh (D:6)
  An orc knight (D:10)
  2 ugly things
  Maurice (D:8)
  An orange demon (D:10)
  2 efreet (D:10)
  A freezing wraith (D:10)
  A hornet (shapeshifter) (D:10)
  Prince Ribbit (D:7)
  Sigmund (D:3)
  A wyvern (D:8)
  18 yaks
  A steam dragon (D:8)
  Menkaure (D:6)
  A water moccasin (D:6)
  2 sky beasts
  2 ice beasts
  A black bear (D:7)
  4 orc warriors
  2 ogres
  4 centaurs
  A phantom (D:4)
  2 lemures (D:9)
  A scorpion (D:5)
  3 bullfrogs
  4 necrophages
  13 wights
  3 howler monkeys
  A crimson imp (D:3)
  6 orc priests
  A gnoll bouda (D:7)
  6 hounds
  3 jellies
  3 iguanas
  8 orc wizards
  12 adders
  15 gnolls
  4 river rats (Sewer)
  3 white imps
  An ufetubus (D:4)
  3 worms
  2 dart slugs
  34 orcs
  13 ball pythons
  12 bats
  5 endoplasms
  7 giant cockroaches
  9 goblins
  6 hobgoblins
  5 jackals
  4 quokkas
  6 frilled lizards
  A goblin skeleton (D:3)
  A goblin zombie (D:3)
  3 hobgoblin zombies (D:3)
  4 kobolds
  A kobold skeleton (D:3)
  An orc skeleton (D:3)
  An orc zombie (D:3)
  5 rats
273 creatures vanquished.

Vanquished Creatures (others)
  2 plants (D:8)
2 creatures vanquished.

Grand Total: 275 creatures vanquished

Notes
Turn   | Place    | Note
-------+----------+-------------------------------------------
     0 | D:1      | scionoferis the Kobold Hunter began the quest for the Orb.
     0 | D:1      | Reached XP level 1. HP: 12/12 MP: 1/1
   286 | D:1      | Reached XP level 2. HP: 18/18 MP: 2/2
   295 | D:1      | Reached skill level 1 in Short Blades
   507 | D:1      | Reached XP level 3. HP: 22/22 MP: 3/3
   679 | D:1      | Found a faded altar of an unknown god.
   943 | D:2      | Reached skill level 2 in Short Blades
   954 | D:1      | Reached XP level 4. HP: 16/27 MP: 4/4
  1988 | D:3      | Reached XP level 5. HP: 32/32 MP: 5/5
  2082 | D:3      | Reached skill level 3 in Short Blades
  2302 | D:3      | Found a glowing golden altar of the Shining One.
  2566 | D:3      | Reached XP level 6. HP: 37/37 MP: 6/6
  2742 | D:3      | Noticed Sigmund
  2780 | D:3      | Reached skill level 4 in Short Blades
  2798 | D:3      | Killed Sigmund
  2799 | D:3      | Reached skill level 5 in Short Blades
  2799 | D:3      | Reached XP level 7. HP: 20/42 MP: 7/7
  3349 | D:4      | Found a staircase to the Ecumenical Temple.
  3528 | D:4      | Found a glowing drain.
  3532 | Sewer    | Entered a sewer
  4037 | Sewer    | Reached skill level 6 in Short Blades
  4308 | Sewer    | Reached XP level 8. HP: 46/48 MP: 8/8
  5222 | Temple   | Entered the Ecumenical Temple
  5349 | Temple   | Became a worshipper of Uskayaw the Reveller
  5375 | D:5      | Entered Level 5 of the Dungeon
  5379 | D:5      | Reached * piety under Uskayaw
  5389 | D:5      | Reached ** piety under Uskayaw
  5573 | D:5      | Reached skill level 5 in Stealth
  5573 | D:5      | Reached skill level 1 in Invocations
  5621 | D:5      | Reached skill level 5 in Dodging
  5812 | D:5      | Reached *** piety under Uskayaw
  6041 | D:5      | Reached skill level 1 in Armour
  6191 | D:5      | Reached skill level 7 in Short Blades
  6516 | D:6      | Reached XP level 9. HP: 53/53 MP: 9/11
  6518 | D:6      | Reached skill level 1 in Evocations
  6689 | D:6      | Found a glowing silver altar of Zin.
  6718 | D:6      | Reached skill level 5 in Fighting
  7051 | D:6      | Noticed Menkaure
  7060 | D:6      | Killed Menkaure
  7099 | D:6      | Reached skill level 8 in Short Blades
  8140 | D:6      | Found a runed translucent door.
  8141 | D:6      | Noticed Hubris850's ghost (novice HOMo)
  8244 | D:7      | Found a hazy altar of Hepliaklqana.
  8269 | D:7      | Reached **** piety under Uskayaw
  8405 | D:7      | Noticed Prince Ribbit
  8410 | D:7      | Killed Prince Ribbit
  8411 | D:7      | Reached XP level 10. HP: 59/59 MP: 13/13
  9066 | D:7      | Reached skill level 5 in Invocations
  9335 | D:8      | Found a blossoming altar of Fedhas.
  9376 | D:8      | Identified the +5 ring mail of the Kraken {Dex+3}
  9376 | D:8      | Noticed Erica
  9387 | D:8      | Killed Erica
  9388 | D:8      | Reached skill level 9 in Short Blades
 10299 | D:8      | Noticed Gastronok
 10437 | D:8      | Killed Gastronok
 10438 | D:8      | Reached skill level 10 in Short Blades
 10438 | D:8      | Reached XP level 11. HP: 61/66 MP: 15/15
 10469 | D:8      | Noticed Maurice
 10691 | D:8      | Killed Maurice
 10956 | D:6      | Killed Hubris850's ghost
 11319 | D:9      | Reached skill level 5 in Evocations
 11828 | D:9      | Identified the +7 long sword of the Blushing Ancients
                  | {drain, rElec rPois rF- Int+3}
 11944 | D:9      | Noticed a two-headed ogre
 11951 | D:9      | Killed a two-headed ogre
 12158 | D:9      | Found a shimmering altar of Xom.
 12158 | D:9      | Found a snail-covered altar of Cheibriados.
 12161 | D:9      | Found a broken altar of Ashenzari.
 12167 | D:9      | Found an ancient bone altar of Kikubaaqudgha.
 12414 | D:9      | Reached skill level 11 in Short Blades
 12486 | D:9      | Noticed a cyan ugly thing
 12491 | D:9      | Killed a cyan ugly thing
 12495 | D:9      | Noticed Pikel
 12500 | D:9      | Killed Pikel
 12690 | D:10     | Entered Level 10 of the Dungeon
 12707 | D:10     | Found a staircase to the Orcish Mines.
 12898 | D:10     | Noticed a two-headed ogre
 12903 | D:10     | Killed a two-headed ogre
 12904 | D:10     | Reached XP level 12. HP: 72/72 MP: 17/17
 12934 | D:10     | Noticed a two-headed ogre
 12937 | D:10     | Killed a two-headed ogre
 12971 | D:10     | Noticed a two-headed ogre
 12976 | D:10     | Killed a two-headed ogre
 13207 | D:10     | Noticed Amaemon
 13212 | D:10     | Killed Amaemon
 13313 | D:10     | Noticed a two-headed ogre
 13323 | D:10     | Killed a two-headed ogre
 13324 | D:10     | Reached skill level 10 in Ranged Weapons
 13330 | D:10     | Paralysed by a hornet for 2 turns
 13359 | D:10     | Reached skill level 5 in Armour
 13588 | D:10     | Identified the ring "Bowowyv" {Contam rPois rC+++ Will+
                  | Dex+4}
 13616 | D:10     | Identified the ring "Elleis" {Drain rC++ Will+ Int+6}
 13616 | D:10     | Noticed a centaur warrior
 13616 | D:10     | Identified the ring of Esusevet {Ice rN+ Str+4 Int+4 Dex+4}
 13677 | D:10     | Killed a centaur warrior
 13678 | D:10     | Reached skill level 12 in Short Blades
 14009 | D:10     | Identified the ring of Xenima {Dex+5 SInv}
 14459 | D:10     | Noticed Snorg
 14505 | D:10     | Mangled by Snorg

Illustrated notes

Levels and vault maps discovered:
D:1:      lemuel_arrival_lava_pool, layout_basic,
          hellmonk_ecumenical_altar_slurped_away, minmay_bisected
D:2:      layout_rooms
D:3:      layout_loops_ring, nicolae_tso_besieged_by_evil, st_stairs_3,
          uniq_sigmund
D:4:      layout_basic, temple_green, gup_sewer_entry_bowl
D:5:      layout_rooms, minivault_14, minmay_between
D:6:      layout_gridville, zin_treasury, ebering_ghost_inner_flame,
          nicolae_fountain_basement, uniq_menkaure
D:7:      layout_basic, kennysheep_mini_moat, grunt_ministairs_15,
          minmay_misc_feat_iff, minmay_misc_feat_secret_circle,
          uniq_prince_ribbit1
D:8:      layout_basic, fedhas_altar_3, uniq_maurice, uniq_erica, uniq_gastronok
D:9:      layout_basic, grunt_temple_overflow_open, serial_aquarium,
          aquarium_bridge_square [aquarium_subvault_bridge,
          aquarium_subvault_wall, aquarium_subvault_window,
          aquarium_subvault_bridge], aquarium_window_2, aquarium_window_fake,
          aquarium_window_1, aquarium_view_2d, aquarium_view_2c, uniq_pikel
D:10:     minmay_the_grid_triangle_9x9_rhombus_thin_mashed
          [minmay_the_grid_triangle_9x9_semitri,
          minmay_the_grid_triangle_9x9_prize_special,
          minmay_the_grid_triangle_9x9_zippers_horizontal,
          minmay_the_grid_triangle_9x9_impossible_snake], layout_rooms,
          uniq_snorg, uniq_josephine, uniq_amaemon
Temple:   nicolae_temple_great_sept

Skill      XL: |  1  2  3  4  5  6  7  8  9 10 11 12 |
---------------+-------------------------------------+-----
Short Blades   | 1 2 3 5 6 7 8 10 11 12 | 12.2
Stealth        | 2 3 4 5 6 7 8 9 |  9.6
Dodging        | 3 4 5 6 7 8 |  8.5
Fighting       | 3 4 5 6 7 |  7.8
Ranged Weapons | 6 7 8 9 10 | 10.3
Invocations    | 2 4 6 7 8 |  8.9
Armour         | 1 2 3 4 5 |  5.3
Evocations     | 2 4 5 6 |  6.0

Action                   |  1- 3 |  4- 6 |  7- 9 | 10-12 || total
-------------------------+-------+-------+-------+-------++-------
Melee: Dagger            |       |     3 |   178 |   302 ||   483
       Punch             |       |       |     1 |     7 ||     8
       Rapier            |       |       |       |    47 ||    47
 Fire: Shortbow          |    61 |   187 |   233 |   204 ||   685
Throw: Dart              |       |       |       |     7 ||     7
       Throwing net      |       |       |       |     2 ||     2
Invok: Stomp             |       |       |     2 |     9 ||    11
       Line Pass         |       |       |     3 |    19 ||    22
Evoke: Wand              |       |       |     2 |    12 ||    14
  Use: Potion            |       |     2 |     6 |       ||     8
       Scroll            |       |     1 |     8 |     3 ||    12
 Stab: Sleeping          |       |       |     9 |    10 ||    19
       Invisible         |       |       |     2 |       ||     2
       Distracted        |       |       |     1 |       ||     1
       Paralysed         |       |       |     3 |     5 ||     8
       Confused          |       |       |       |    14 ||    14
       Held in net/web   |       |       |       |     2 ||     2
Armor: Leather armour    |     6 |    31 |    52 |     3 ||    92
       Ring mail         |       |       |       |    50 ||    50
Dodge: Dodged            |    14 |   125 |   256 |   279 ||   674

Table legend: (Time is in decaauts)
 A = Elapsed time spent in this place.
 B = Non-inter-level travel time spent in this place.
 C = Inter-level travel time spent in this place.
 D = Time resting spent in this place.
 E = Time spent auto-exploring this place.
 F = Levels seen in this place.
 G = Mean time per level.
                   A        B        C        D        E       F      G
               +--------+--------+--------+--------+--------+-----+--------+
         Total |  14606 |  14025 |    581 |   2428 |   8490 |  12 | 1217.2 |
       Dungeon |  12998 |  12435 |    563 |   1989 |   7778 |  10 | 1299.8 |
        Temple |    137 |    119 |     18 |      0 |    103 |   1 |  137.0 |
         Sewer |   1470 |   1470 |      0 |    439 |    608 |   1 | 1470.0 |
               +--------+--------+--------+--------+--------+-----+--------+

Top non-repeatable levels by time:
     D:6: 1841 daAuts
    D:10: 1732 daAuts
     D:8: 1650 daAuts
     D:3: 1483 daAuts
   Sewer: 1470 daAuts
     D:9: 1424 daAuts
     D:7: 1167 daAuts
     D:1: 1124 daAuts
     D:5: 1066 daAuts
     D:2: 801 daAuts
     D:4: 706 daAuts
  Temple: 137 daAuts
